 Dungeon Crawl Stone Soup version 0.25-a0-80-g9b55229ae5 (webtiles) character file.

Game seed: 10750361415747843030, levelgen mode: deterministic

5209 Roikka the Destroyer (level 10, 0/67 HPs)
             Began as a Human Wizard on Nov 7, 2019.
             Was a Follower of Sif Muna.
             Killed from afar by an electric eel (8 damage)
             ... with a bolt of electricity
             ... on level 9 of the Dungeon.
             The game lasted 00:47:19 (11053 turns).

Roikka the Destroyer (Human Wizard)                Turns: 11053, Time: 00:47:19

Health: 0/67       AC: 13    Str: 12    XL:     10   Next: 91%
Magic:  7/21       EV: 15    Int: 21    God:    Sif Muna [*.....]
Gold:   358        SH:  0    Dex: 12    Spells: 7/24 levels left

rFire    . . .     SeeInvis .   F - +1 dagger (venom)
rCold    + . .     Gourm    .   (no shield)
rNeg     . . .     Faith    .   r - +1 robe {rC+}
rPois    .         Spirit   .   b - +0 hat
rElec    .         Reflect  .   u - +0 cloak
rCorr    .         Harm     .   G - +1 pair of gloves
MR       .....                  p - +1 pair of boots
Stlth    ++........             (no amulet)
HPRegen  0.21/turn              h - +4 ring of strength
MPRegen  0.17/turn              g - +5 ring of protection (curse)

@: no status effects
A: no striking features
a: Channel Magic, Renounce Religion


You were on level 9 of the Dungeon.
You worshipped Sif Muna.
Sif Muna was aware of your devotion.
You were not hungry.

You visited 2 branches of the dungeon, and saw 11 of its levels.

You collected 406 gold pieces.
You spent 48 gold pieces at shops.

Inventory:

Hand Weapons
 k - a +1 club
 F - a +1 dagger of venom (weapon)
Missiles
 l - 58 poisoned darts
 C - a throwing net (quivered)
Armour
 b - a +0 hat (worn)
 p - a +1 pair of boots (worn)
 r - a +1 robe of cold resistance (worn)
 u - a +0 cloak (worn)
 G - a +1 pair of gloves (worn)
Jewellery
 g - a cursed +5 ring of protection (right hand)
 h - a +4 ring of strength (left hand)
Wands
 i - a wand of flame (14)
 s - a wand of random effects (24)
 x - a wand of iceblast (15)
Scrolls
 a - a scroll of magic mapping
 c - 7 scrolls of identify
 f - 3 scrolls of immolation
 m - 4 scrolls of blinking
 t - 4 scrolls of remove curse
 w - a scroll of amnesia
 y - a scroll of noise {unknown}
 B - 2 scrolls of enchant weapon
Potions
 e - 2 potions of heal wounds
 j - 4 potions of curing
 n - a potion of degeneration {unknown}
 o - 2 potions of cancellation {unknown}
 q - 2 potions of might
 v - 2 potions of brilliance
 z - a potion of flight {unknown}
 A - a potion of invisibility {unknown}
 D - a potion of magic {unknown}
Miscellaneous
 E - a sack of spiders
Comestibles
 d - 14 rations


   Skills:
 - Level 2.0 Fighting
 + Level 6.9 Dodging
 - Level 2.0 Stealth
 + Level 7.7 Spellcasting
 + Level 8.0 Conjurations
 - Level 2.7 Hexes
 + Level 3.3 Charms
 - Level 4.0 Summonings
 + Level 3.3 Necromancy
 - Level 3.6 Translocations
 + Level 0.0 Invocations


You had 7 spell levels left.
You knew the following spells:

 Your Spells              Type           Power        Failure   Level  Hunger
a - Magic Dart            Conj           ####         1%          1    None
b - Call Imp              Summ           ####....     2%          2    None
c - Blink                 Tloc           N/A          2%          2    None
d - Conjure Flame         Conj/Fire      ###.....     4%          3    None
e - Mephitic Cloud        Conj/Pois/Air  ###.....     9%          3    None
f - Slow                  Hex            ###.....     4%          2    None
g - Regeneration          Chrm/Necr      ###.......   6%          3    None
h - Confusing Touch       Hex            ###...       2%          1    None

Your spell library contained the following spells:

 Spells                   Type           Power        Failure   Level  Hunger
 Animate Skeleton         Necr           N/A          1%          1    None
 Apportation              Tloc           ###...       1%          1    None
 Infusion                 Chrm           ###.         1%          1    None
 Summon Small Mammal      Summ           ####         1%          1    None
 Shroud of Golubria       Chrm/Tloc      ###...       3%          2    None
 Song of Slaying          Chrm           ###.....     3%          2    None
 Spectral Weapon          Hex/Chrm       ###.....     7%          3    None


Dungeon Overview and Level Annotations

Branches:
Dungeon (10/15)            Temple (1/1) D:4            Lair (0/6) D:9
    Orc: D:9-12

Altars:
Dithmenos
Gozag
Kikubaaqudgha
Makhleb
Sif Muna
Yredelemnul
The Shining One

Shops:
D:8 [?


Message History

Press: ? - help, Shift-Dir - straight line, f/p - merfolk
Aim: a merfolk, wielding a +0 trident (noxious fumes, lightly wounded, confused)
The magic dart hits the merfolk.
The merfolk is moderately wounded.
The merfolk is engulfed in noxious fumes.
The merfolk appears confused.
The merfolk is engulfed in noxious fumes.
The merfolk appears confused.
You hit the merfolk but do no damage.
The merfolk is poisoned.
The merfolk is moderately wounded.
The merfolk hits you with a +0 trident!
* * * LOW HITPOINT WARNING * * *
Unknown command.
You barely miss the merfolk.
The merfolk is moderately wounded.
You hit the merfolk.
The merfolk looks as sick as possible!
The merfolk is moderately wounded.
The electric eel shoots out a bolt of lightning at you!
The bolt of electricity hits you!
You die...

#####..♣≈≈..♣.≈≈≈≈≈≈≈≈≈;≈≈
......≈≈≈≈≈..≈≈≈≈≈≈≈≈≈≈≈≈≈
.......≈.≈.....♣.≈≈≈≈≈≈≈≈≈
..........≈≈≈...≈.≈≈≈≈≈≈
..≈..♣.≈...≈≈≈.♣..≈≈≈≈≈
(..≈.≈≈≈≈..≈≈≈≈≈≈≈.≈≈#####
≈.≈..≈≈≈≈.♣♣.≈≈≈≈♣.;##≈≈≈##
♣≈≈♣....≈≈..≈.≈≈m♣.##≈≈≈≈≈#
≈≈....≈≈≈≈.♣....@..#≈>..(≈≈
....≈≈≈≈≈≈≈≈≈≈≈..♣.'≈.$.=.≈
##..♣≈≈##≈≈≈≈≈≈♣.♣≈#≈≈.?..≈
###(≈≈#######≈..≈≈##≈≈≈≈≈#
#### ####≈≈≈##≈≈≈##
#≈≈≈≈##### #≈≈≈≈≈# #######


You could see a merfolk (confused) and an electric eel.

Vanquished Creatures
  Harold (D:7)
  A hydra (D:8)
  4 hornets
  Prince Ribbit (D:7)
  A yak (D:9)
  A hog (D:9)
  A soldier ant (D:8)
  An orc warrior (D:9)
  A phantom (D:5)
  2 ice beasts
  A black bear (D:8)
  A necrophage (D:5)
  3 ogres
  6 bullfrogs
  2 scorpions
  7 killer bees
  An electric eel (D:9)
  A howler monkey (D:8)
  A jelly (D:7)
  A quasit (D:7)
  3 orc priests
  A bullfrog skeleton (D:7)
  5 orc wizards
  Jessica (D:2)
  An iguana (D:8)
  3 worker ants (D:4)
  A hound zombie (D:6)
  A howler monkey skeleton (D:4)
  7 adders
  A shadow imp (D:6)
  2 oozes (D:1)
  2 adder skeletons
  3 worms
  4 dart slugs
  3 leopard geckos
  22 orcs
  5 giant cockroaches
  7 goblins
  7 hobgoblins
  8 jackals
  4 kobolds
  2 quokkas
  3 bats
  3 frilled lizards
  A leopard gecko skeleton (D:5)
  12 rats
150 creatures vanquished.

Vanquished Creatures (collateral kills)
  Grinder (D:5)
  Sigmund (D:5)
  The ghost of Susanna the Ducker, an amateur FeMo (D:6)
  A hungry ghost (D:7)
  A black bear (D:5)
  2 centaurs
  2 ogres
  2 bullfrogs
  A wyvern zombie (D:8)
  An electric eel (D:9)
  A crimson imp (D:5)
  2 hounds
  2 jellies (D:5)
  2 orc wizards (D:5)
  An iguana (D:7)
  A worker ant (D:8)
  4 adders
  A shadow imp (D:9)
  An adder zombie (D:7)
  A worm (D:3)
  5 orcs
  A giant cockroach (D:5)
  2 jackals (D:3)
37 creatures vanquished.

Vanquished Creatures (others)
  An orc wizard (D:3)
1 creature vanquished.

Grand Total: 188 creatures vanquished

Notes
Turn   | Place    | Note
-------+----------+-------------------------------------------
     0 | D:1      | Roikka the Human Wizard began the quest for the Orb.
     0 | D:1      | Reached XP level 1. HP: 13/13 MP: 4/4
   346 | D:1      | Reached XP level 2. HP: 8/19 MP: 0/6
   653 | D:1      | Reached skill level 2 in Conjurations
   894 | D:1      | Reached XP level 3. HP: 20/24 MP: 0/7
  1416 | D:2      | Learned a level 2 spell: Call Imp
  1578 | D:2      | Reached XP level 4. HP: 30/30 MP: 0/9
  1718 | D:2      | Noticed a centaur
  1729 | D:2      | Killed a centaur
  1729 | D:2      | Reached skill level 3 in Conjurations
  1729 | D:2      | Reached XP level 5. HP: 13/35 MP: 5/10
  2555 | D:2      | Noticed Jessica
  2561 | D:2      | Killed Jessica
  2577 | D:2      | Noticed an ogre
  2598 | D:2      | Killed an ogre
  2598 | D:2      | Reached XP level 6. HP: 41/41 MP: 6/12
  2752 | D:3      | You fall into a shaft and drop 3 floors!
  2822 | D:6      | Noticed an ogre
  2858 | D:6      | Found a runed translucent door.
  2893 | D:6      | Killed an ogre
  3042 | D:6      | Noticed a black bear
  3106 | D:5      | Entered Level 5 of the Dungeon
  3133 | D:5      | Reached skill level 4 in Conjurations
  3212 | D:5      | Noticed an ogre
  3217 | D:5      | Reached XP level 7. HP: 38/46 MP: 4/13
  3409 | D:5      | Learned a level 2 spell: Blink
  3413 | D:5      | Learned a level 3 spell: Conjure Flame
  3417 | D:5      | Learned a level 3 spell: Mephitic Cloud
  3420 | D:5      | Learned a level 2 spell: Slow
  3432 | D:5      | Noticed Grinder
  3477 | D:5      | Paralysed by Grinder for 2 turns
  3480 | D:5      | Killed Grinder
  3779 | D:5      | Reached skill level 1 in Fighting
  3879 | D:5      | Noticed Sigmund
  3893 | D:5      | Killed Sigmund
  3893 | D:5      | Reached skill level 5 in Spellcasting
  3893 | D:5      | Reached XP level 8. HP: 54/54 MP: 6/15
  4072 | D:4      | Found a burning altar of Makhleb.
  4439 | D:3      | Reached skill level 5 in Conjurations
  5728 | D:4      | Found a staircase to the Ecumenical Temple.
  5736 | Temple   | Entered the Ecumenical Temple
  5742 | Temple   | Became a worshipper of Sif Muna the Loreminder
  6893 | D:5      | Reached XP level 9. HP: 54/61 MP: 12/17
  6919 | D:6      | You fall into a shaft and drop 1 floor!
  6920 | D:7      | Noticed Harold
  6928 | D:6      | Noticed Susanna's ghost (amateur FeMo)
  7111 | D:6      | Reached skill level 1 in Hexes
  7152 | D:6      | Killed Susanna's ghost
  7152 | D:6      | Reached skill level 6 in Conjurations
  7557 | D:7      | Killed Harold
  7557 | D:7      | Reached skill level 5 in Dodging
  8413 | D:7      | Noticed Prince Ribbit
  8423 | D:7      | Killed Prince Ribbit
  8464 | D:7      | Reached skill level 7 in Conjurations
  8464 | D:7      | Reached XP level 10. HP: 67/67 MP: 10/20
  8665 | D:7      | Learned a level 3 spell: Regeneration
  8798 | D:7      | Reached * piety under Sif Muna
  8998 | D:8      | Found Ixodd's Magic Scroll Shop.
  9001 | D:8      | Bought a scroll of identify for 24 gold pieces
  9001 | D:8      | Bought a scroll of identify for 24 gold pieces
  9064 | D:8      | Reached skill level 1 in Charms
  9064 | D:8      | Reached skill level 1 in Necromancy
  9120 | D:8      | Noticed a five-headed hydra
  9184 | D:8      | Killed a five-headed hydra
  9338 | D:8      | Found Mirot's Armour Emporium.
  9402 | D:8      | Learned a level 1 spell: Confusing Touch
  9622 | D:8      | Found a glowing golden altar of the Shining One.
 10758 | D:10     | Entered Level 10 of the Dungeon
 10765 | D:10     | Paralysed by a hornet for 2 turns
 10773 | D:10     | Reached skill level 8 in Conjurations
 11031 | D:9      | Found a staircase to the Lair.
 11053 | D:9      | Killed from afar by an electric eel

Levels and vault maps discovered:
D:1:      minmay_arrival_jagged, layout_loops_corners
D:2:      layout_loops_cross, uniq_jessica
D:3:      layout_loops_ring, first_ration
D:4:      layout_loops_ring, old_standard_altar, minmay_temple_entry_ruins,
          grunt_decor_cap
D:5:      layout_gridville, uniq_sigmund, uniq_grinder
D:6:      layout_basic, ebering_ghost_sewer_d
D:7:      layout_loops_corners, uniq_prince_ribbit1, uniq_harold
D:8:      layout_loops_ring, serial_shops, shop, shop,
          hangedman_pestilent_swarm, nicolae_tso_swordbearing_angel
D:9:      kennysheep_town, uniq_erica
D:10:     layout_stronghold, erik_orc_4, uniq_joseph, uniq_nergalle
Temple:   nicolae_temple_the_god_donut

Skill      XL: |  1  2  3  4  5  6  7  8  9 10 |
---------------+-------------------------------+-----
Conjurations   | 2 3 4 5 7 8 |  8.0
Summonings     | 2 3 4 |  4.0
Spellcasting   | 4 5 6 7 |  7.7
Fighting       | 1 2 |  2.0
Dodging        | 4 5 6 |  6.9
Translocations | 2 3 |  3.6
Hexes          | 2 |  2.7
Charms         | 3 |  3.3
Necromancy     | 3 |  3.3
Stealth        | |  2.0

Action                   |  1- 3 |  4- 6 |  7- 9 | 10-12 || total
-------------------------+-------+-------+-------+-------++-------
Melee: Unarmed           |     7 |       |       |       ||     7
       Club              |     6 |     8 |    53 |       ||    67
       Dagger            |       |       |       |    42 ||    42
Throw: Throwing net      |       |     1 |       |       ||     1
       Dart              |       |       |     7 |       ||     7
 Cast: Magic Dart        |    71 |    62 |   249 |   124 ||   506
       Call Imp          |       |    20 |    73 |    34 ||   127
       Conjure Flame     |       |       |     3 |    10 ||    13
       Mephitic Cloud    |       |       |     2 |     6 ||     8
       Slow              |       |       |     1 |     2 ||     3
       Blink             |       |       |       |     2 ||     2
Evoke: Wand              |       |       |     7 |       ||     7
  Use: Scroll            |       |     7 |     6 |     2 ||    15
       Potion            |       |       |     1 |       ||     1
 Stab: Distracted        |       |       |     3 |     2 ||     5
       Sleeping          |       |       |     2 |       ||     2
       Confused          |       |       |       |     1 ||     1
  Eat: Chunk             |     2 |     5 |    14 |     3 ||    24
       Ration            |       |       |     1 |     1 ||     2
Armor: Robe              |     6 |    12 |    82 |    21 ||   121
Dodge: Dodged            |    21 |    28 |   152 |    72 ||   273

Table legend:
 A = Non-vault XP
 B = Vault XP
 C = Vault XP percentage of total XP
 D = Non-vault monster count
 E = Vault monster count
 F = Vault count percentage of total count
                 A         B        C        D         E       F
            +---------+---------+-------+---------+---------+-------
      Total |    4119 |    3323 |  44.7 |     169 |      19 |  10.1
            +---------+---------+-------+---------+---------+-------
        D:1 |      42 |       0 |   0.0 |      16 |       0 |   0.0
        D:2 |     209 |      30 |  12.6 |      27 |       1 |   3.6
        D:3 |     269 |       0 |   0.0 |      46 |       0 |   0.0
        D:4 |     241 |       0 |   0.0 |      12 |       0 |   0.0
        D:5 |     804 |     276 |  25.6 |      25 |       2 |   7.4
        D:6 |     223 |     255 |  53.3 |       5 |       3 |  37.5
        D:7 |     813 |    1095 |  57.4 |      22 |       2 |   8.3
        D:8 |    1045 |     963 |  48.0 |       9 |       4 |  30.8
        D:9 |     290 |     704 |  70.8 |       6 |       7 |  53.8
       D:10 |     183 |       0 |   0.0 |       1 |       0 |   0.0
            +---------+---------+-------+---------+---------+-------
